 Dungeon Crawl Stone Soup version 0.21-a0-578-gc6e9d75 (webtiles) character file.

41 Gaball the Sneak (level 3, 0/16 HPs)
             Began as a Vine Stalker Enchanter on Dec 18, 2017.
             Succumbed to an adder's poison
             ... on level 2 of the Dungeon.
             The game lasted 00:01:48 (978 turns).

Gaball the Sneak (Vine Stalker Enchanter)            Turns: 978, Time: 00:01:49

Health: 0/16       AC:  2    Str: 10    XL:     3   Next: 52%
Magic:  8/8        EV: 12    Int: 20    God:
Gold:   95         SH:  0    Dex: 15    Spells: 6/7 levels left

rFire    . . .     SeeInvis .   j - +3 dagger
rCold    . . .     Gourm    .   (no shield)
rNeg     . . .     Faith    .   b - +0 robe
rPois    .         Spirit   +   (no helmet)
rElec    .         Reflect  .   (no cloak)
rCorr    .         Harm     .   (no gloves)
MR       .....                  (no boots)
Stlth    +++.......             (no amulet)
HPRegen  0.05/turn              (no ring)
MPRegen  0.11/turn              (no ring)

@: brilliant, lethally poisoned (0 -> -4)
A: fangs 2, magic shield, antimagic bite, no potion heal 3, rot immunity
a: no special abilities


You were on level 2 of the Dungeon.
You were not hungry.

You visited 1 branch of the dungeon, and saw 2 of its levels.

You collected 95 gold pieces.

Inventory:

Hand Weapons
 a - a +1 dagger
 j - a +3 dagger (weapon)
Armour
 b - a +0 robe (worn)
Scrolls
 f - 4 scrolls of amnesia {unknown}
 g - 2 scrolls of identify {unknown}
 h - a scroll of fog {unknown}
 i - 3 scrolls of immolation {unknown}
Potions
 e - a potion of brilliance
Books
 c - a book of Maledictions

   Spells                             Type                      Level
   a - Corona                         Hexes                        1
   b - Ensorcelled Hibernation        Hexes/Ice                    2
   c - Confuse                        Hexes                        3
   d - Tukima's Dance                 Hexes                        3
   e - Dazzling Spray                 Conjuration/Hexes            3
Comestibles
 d - 2 rations


   Skills:
 + Level 1.6 Short Blades
 - Level 1.5 Dodging
 + Level 4.2 Stealth
 + Level 2.6 Spellcasting
 + Level 3.4 Hexes


You had 6 spell levels left.
You knew the following spells:

 Your Spells              Type           Power        Failure   Level  Hunger
a - Corona                Hex            ####...      1%          1    None


Dungeon Overview and Level Annotations

Branches:
Dungeon (2/15)

Altars:


Innate Abilities, Weirdness & Mutations

You have extremely sharp teeth.
When hurt, damage is shared between your health and your magic reserves.
Your bite disrupts and absorbs the magic of your enemies.
Potions cannot restore your health.
You are immune to rotting.


Message History

The adder is almost dead.
The adder stops glowing.
The adder bites you.
You are too injured to fight recklessly!
You closely miss the adder. Your bite misses the adder.
The adder is almost dead.
The adder bites you.
* * * LOW HITPOINT WARNING * * *
You hit the adder.
You kill the adder!
* * * LOW HITPOINT WARNING * * *
You feel sick.
* * * LOW HITPOINT WARNING * * *
You feel sick.
It was a potion of brilliance.
You feel clever all of a sudden.
It was a potion of magic.
Magic courses through your body.
* * * LOW HITPOINT WARNING * * *
You feel sick.
There is a lethal amount of poison in your body!
You die...

... ... ... #.# #.# ##
#.### ..########### #....
#.#....@....##### ##..##
#.#.#####.#.#...###...##
######.#.#
#.......#.##.....#
.......#.#
#.#.#.#...###...##
#...!...# #......#.....†..#
#.###.........#..#######.##
#............# #.#
...#####.#.#.# ##+## .#..#
#.....# ##...##


There were no monsters in sight!

Vanquished Creatures
  An adder (D:2)
  2 dart slugs
  A leopard gecko (D:1)
  A ball python (D:1)
  4 bats (D:1)
  A giant cockroach (D:2)
  4 goblins
  2 hobgoblins (D:1)
  2 jackals (D:1)
  3 kobolds (D:1)
  2 frilled lizards (D:1)
  2 rats (D:1)
25 creatures vanquished.

Notes
Turn   | Place    | Note
-------+----------+-------------------------------------------
     0 | D:1      | Gaball the Vine Stalker Enchanter began the quest for the Orb.
     0 | D:1      | Reached XP level 1. HP: 9/9 MP: 4/4
   130 | D:1      | Reached skill level 1 in Short Blades
   330 | D:1      | Reached XP level 2. HP: 12/13 MP: 6/6
   631 | D:1      | Reached skill level 4 in Stealth
   760 | D:1      | Reached XP level 3. HP: 10/16 MP: 7/7
   978 | D:2      | Succumbed to an adder's poison

Vault maps used:
D:1:      shiori_shiawase
D:2:      minmay_kobold_bridge, tgw_trog, uniq_robin

Skill      XL: |  1  2 |
---------------+-------+-----
Short Blades   | 1 |  1.6
Stealth        | 4 |  4.2
Dodging        | |  1.5
Spellcasting   | |  2.6
Hexes          | |  3.4

Action                   || total
-------------------------++-------
Melee: Dagger            ||    77
       Bite              ||    18
 Cast: Corona            ||     8
  Use: Potion            ||     2
 Stab: Sleeping          ||     7
Armor: Robe              ||    17
Dodge: Dodged            ||    45

Table legend:
 A = Spawn XP
 B = Non-spawn XP
 C = Spawn XP percentage of total XP
 D = Spawn monster count
 E = Non-spawn monster count
 F = Spawn count percentage of total count
 G = Total turns spent on level
                    A         B        C        D         E        F      G
               +---------+---------+-------+---------+---------+-------+---------
         Total |       0 |      59 |   0.0 |       0 |      25 |   0.0 |   978
               +---------+---------+-------+---------+---------+-------+---------
           D:1 |       0 |      36 |   0.0 |       0 |      20 |   0.0 |   825
           D:2 |       0 |      23 |   0.0 |       0 |       5 |   0.0 |   153
               +---------+---------+-------+---------+---------+-------+---------
